 Seeded DCSS version 0.28.0-53-g5a82cb258f (webtiles) character file.

Game seed: 1973 (custom seed)

73 Kazon the Skirmisher (level 4, -2/37 HPs)
             Began as a Demonspawn Fighter on July 18, 2022.
             Slain by a gnoll
             ... wielding a +0 flail
              (8 damage)
             ... on level 2 of the Dungeon.
             The game lasted 00:04:54 (957 turns).

Kazon the Skirmisher (Demonspawn Fighter)            Turns: 957, Time: 00:04:54

Health: -2/37      AC:  6    Str: 18    XL:     4   Next: 8%
Magic:  4/4        EV: 14    Int:  9    God:
Gold:   81         SH:  4    Dex: 13    Spells: 3/3 levels left

rFire   . . .      SeeInvis .   e - +2 dagger (vamp)
rCold   . . .      Faith    .   c - +0 buckler
rNeg    . . .      Spirit   .   b - +0 scale mail
rPois   .          Reflect  .   (no helmet)
rElec   .          Harm     .   (no cloak)
rCorr   .          Rampage  .   (no gloves)
Will    .....                   (no boots)
Stlth   ..........              (no amulet)
HPRegen 0.12/turn               (no ring)
MPRegen 0.09/turn               (no ring)

@: agile
A: powered by death 1, powered by pain 1
a: no special abilities


You were on level 2 of the Dungeon.
You visited 1 branch of the dungeon, and saw 2 of its levels.

You collected 81 gold pieces.

Inventory:

Hand Weapons
 a - a +0 rapier
 e - a +2 vampiric dagger (weapon)
Missiles
 f - 31 stones (quivered)
Armour
 b - a +0 scale mail (worn)
 c - a +0 buckler (worn)
Scrolls
 h - a scroll of teleportation {unknown}
 i - a scroll of noise {unknown}
Potions
 d - 2 potions of might
 g - a potion of ambrosia {unknown}
 j - a potion of berserk rage {unknown}


   Skills:
 * Level 3.8 Fighting
 + Level 2.3 Short Blades
 + Level 0.3 Throwing
 + Level 3.1 Armour
 + Level 0.3 Dodging
 * Level 0.4 Stealth
 + Level 2.8 Shields


You had 3 spell levels left.
You didn't know any spells.
Your spell library was empty.

Dungeon Overview and Level Annotations

Branches:
Dungeon (2/15)

Altars:


Innate Abilities, Weirdness & Mutations

You regenerate a little health from kills.
You sometimes gain a little power by taking damage.


Message History

You see here a +0 flail.
The gnoll hits you but does no damage. The gnoll barely misses you.
The gnoll barely misses you. The gnoll closely misses you.
A worm comes into view.
You see here a ball python corpse.
Things that are here:
a ball python corpse; a quokka corpse You barely miss the gnoll.
The gnoll is severely wounded.
You block the gnoll's attack.
You closely miss the gnoll.
The gnoll is severely wounded.
The gnoll closely misses you. x2
You hit the gnoll but do no damage.
The gnoll is severely wounded.
You block the gnoll's attack. The gnoll hits you with a +0 club.
You hit the gnoll.
You feel better.
You kill the gnoll!
The gnoll hits you but does no damage.
You have reached level 4!
You feel agile.
You hit the gnoll.
You feel better.
The gnoll is lightly wounded.
The gnoll barely misses you. The gnoll hits you but does no damage.
You hit the gnoll.
You feel better.
The gnoll is moderately wounded.
The gnoll hits you but does no damage. x2
You barely miss the gnoll.
The gnoll is moderately wounded.
The gnoll hits you from afar with a +0 spear!
You focus on the pain.
You feel agile all of a sudden. The gnoll hits you with a +0 flail!
* * * LOW HITPOINT WARNING * * *
You hit the gnoll.
You feel better.
The gnoll is moderately wounded.
You hit the gnoll.
The gnoll is heavily wounded.
The gnoll hits you with a +0 flail!
You die...

#. #. #.# #. #.#
#.######## #.#
#........# #.#
######........# #.#
#....##.......####.#####
#....gg..........#......
#...†##@.........)<.....
#....##..........#.###..
#....##..........#...
#.....###.#......#.###
#.....# #.#......#.#
#.....# #.#...####.#
#.(.).# #!##### #.#
#w#######.# #..
#.......#


You could see 2 gnolls.

Vanquished Creatures
  2 gnolls (D:2)
  An adder (D:2)
  6 ball pythons
  2 endoplasms (D:1)
  2 giant cockroaches (D:1)
  2 goblins
  3 hobgoblins (D:1)
  9 jackals (D:1)
  4 kobolds (D:1)
  4 quokkas
  3 frilled lizards (D:1)
  3 rats (D:1)
41 creatures vanquished.

Notes
Turn   | Place    | Note
-------+----------+-------------------------------------------
     0 | D:1      | Kazon the Demonspawn Fighter began the quest for the Orb.
     0 | D:1      | Reached XP level 1. HP: 18/18 MP: 1/1
   221 | D:1      | Gained mutation: You sometimes gain a little power by
                  | taking damage. [demonic ancestry]
   221 | D:1      | Reached XP level 2. HP: 24/24 MP: 2/2
   401 | D:1      | Gained mutation: You regenerate a little health from kills.
                  | [demonic ancestry]
   401 | D:1      | Reached XP level 3. HP: 21/29 MP: 3/3
   952 | D:2      | Reached XP level 4. HP: 18/37 MP: 4/4
   957 | D:2      | Slain by a gnoll

Illustrated notes

Levels and vault maps discovered:
D:1:      scummos_arrival_simple_crosswalls, layout_basic, minmay_tripent
D:2:      layout_basic, shapermc_ecumenical_altar_totnotflames, uniq_jessica

Skill      XL: |  1  2 |
---------------+-------+-----
Short Blades   | 2 |  2.3
Armour         | 3 |  3.1
Fighting       | |  3.8
Throwing       | |  0.3
Dodging        | |  0.3
Stealth        | |  0.4
Shields        | |  2.8

Action                   |  1- 3 |  4- 6 || total
-------------------------+-------+-------++-------
Melee: Dagger            |   177 |     5 ||   182
       Rapier            |     6 |       ||     6
Throw: Stone             |    38 |       ||    38
Armor: Scale mail        |    65 |     3 ||    68
Dodge: Dodged            |    69 |     1 ||    70
Block: Buckler           |    29 |       ||    29
